 Dungeon Crawl Stone Soup version 0.30-a0-292-g0f741e3f8e (webtiles) character file.

Game seed: 4791639413143097110

201 ryw the Trooper (level 5, -4/44 HPs)
             Began as a Demonspawn Monk on Oct 18, 2022.
             Slain by Pikel
             ... wielding a +0 whip of freezing
              (7 damage)
             ... on level 3 of the Dungeon.
             The game lasted 00:06:33 (2813 turns).

ryw the Trooper (Demonspawn Monk)                   Turns: 2813, Time: 00:06:33

Health: -4/44      AC:  5    Str: 10 (12) XL:     5   Next: 50%
Magic:  5/5        EV: 18    Int:  7 (10) God:
Gold:   203        SH:  6    Dex: 17 (20) Spells: 4/4 levels left

rFire   + . .      SeeInvis .    b - +6 club
rCold   + . .      Faith    .    (no shield)
rNeg    . . .      Spirit   .    a - +0 robe
rPois   +          Reflect  .    (helmet restricted)
rElec   +          Harm     .    m - +1 cloak
rCorr   +          Rampage  .    (no gloves)
Will    .....                    u - +0 pair of boots
Stlth   ++........               (no amulet)
HPRegen 0.27/turn                l - +4 ring of evasion
MPRegen 0.09/turn                (no ring)

@: resistant
A: horns 1, large bone plates 2, agile 1, mutation resistance 1
a: no special abilities


You were on level 3 of the Dungeon.
You visited 1 branch of the dungeon, and saw 5 of its levels.

You collected 203 gold pieces.

Inventory:

Hand Weapons
 b - a +6 club (weapon)
Missiles
 d - 3 poisoned darts (quivered)
 s - 2 throwing nets
Armour
 a - a +0 robe (worn)
 m - a +1 cloak (worn)
 u - a +0 pair of boots (worn)
Jewellery
 l - a +4 ring of evasion (left hand)
Wands
 r - a wand of roots (10)
Scrolls
 e - 3 scrolls of identify {unknown}
 g - a scroll of fear {unknown}
 i - 3 scrolls of teleportation {unknown}
 j - a scroll of enchant armour {unknown}
 p - a scroll of summoning {unknown}
 v - a scroll of vulnerability {unknown}
 w - a scroll of brand weapon {unknown}
Potions
 k - a potion of flight {unknown}
 n - a potion of attraction {unknown}
 o - 2 potions of cancellation {unknown}
 q - a potion of heal wounds {unknown}
 t - a potion of berserk rage {unknown}


   Skills:
 + Level 5.3 Fighting
 + Level 0.7 Maces & Flails
 + Level 3.9 Dodging
 - Level 1.7 Stealth
 - Level 2.6 Unarmed Combat


You had 4 spell levels left.
You didn't know any spells.
Your spell library contained the following spells:

 Spells                   Type           Power      Damage    Failure   Level
 Ensorcelled Hibernation  Hex/Ice        0%         N/A       56%         2
 Passwall                 Tmut/Erth      0%         N/A       56%         2
 Swiftness                Air            0%         N/A       80%         3


Dungeon Overview and Level Annotations

Branches:
Dungeon (5/15)
 Temple: D:4-7

Altars:

Annotations:
D:3 Pikel, Sigmund
D:4 exclusion: black bear


Innate Abilities, Weirdness & Mutations

You have a pair of small horns on your head.
You are mostly covered in large bone plates. (SH +6)
You are agile. (Dex +4, Str/Int -1)
You are somewhat resistant to further mutation.


Message History

You sock Pikel!
Pikel is moderately wounded.
Pikel hits you with a +0 whip of freezing.
You closely miss Pikel.
Pikel is moderately wounded.
Pikel hits you with a +0 whip of freezing!
Pikel freezes you. Pikel hits you but does no damage.
You closely miss Pikel. Your punch misses Pikel.
Pikel is moderately wounded.
Pikel completely misses you.
You hit Pikel. You headbutt Pikel, but do no damage.
Pikel is heavily wounded.
Pikel barely misses you.
You closely miss Pikel.
Pikel is heavily wounded.
Pikel says, "You'll feel the lick of my whip!"
Pikel hits you with a +0 whip of freezing!
Pikel freezes you.
You hit Pikel.
Pikel is severely wounded.
Pikel hits you with a +0 whip of freezing.
Pikel freezes you.
Pikel hits you with a +0 whip of freezing!
* * * LOW HITPOINT WARNING * * *
You hit Pikel but do no damage. Your headbutt misses Pikel.
Pikel is severely wounded.
You block Pikel's attack.
You barely miss Pikel. You headbutt Pikel.
Pikel is severely wounded.
Pikel hits you with a +0 whip of freezing!
* * * LOW HITPOINT WARNING * * *
Unknown command.
It was a potion of mutation.
You feel extremely strange.
You feel genetically stable.
You feel agile. Pikel closely misses you.
It was a potion of degeneration.
There was something very wrong with that liquid.
You feel weakened.
You feel dopey.
You feel clumsy.
Pikel hits you with a +0 whip of freezing!
You die...

..........# #...#########..
.......##.# #...##.........
........#.#
#######...##.........
....>.....#
#.....'...'..........
#######.###
#.#####.>.##......... #.#
#.#####..รท########### #.#
#.##5..K............. #.#
#.##K################ #.#
#.##@#..#............
#.#####....#..#.###########
#.......####....#..........
#######.#####.#############
#.......# ######### ####
#... #.## #.#


You could see Pikel and a lemure.

Vanquished Creatures
  Jessica (D:3)
  Natasha (thrice) (D:3)
  3 adders
  A worm (D:3)
  A dart slug (D:1)
  An orc (D:3)
  7 endoplasms
  4 giant cockroaches
  3 goblins
  6 hobgoblins
  2 jackals (D:2)
  7 kobolds
  4 quokkas
  7 ball pythons
  6 bats
  4 frilled lizards
  3 rats
63 creatures vanquished.

Notes
Turn   | Place    | Note
-------+----------+-------------------------------------------
     0 | D:1      | ryw the Demonspawn Monk began the quest for the Orb.
     0 | D:1      | Reached XP level 1. HP: 18/18 MP: 1/1
   175 | D:1      | Gained mutation: You are partially covered in large bone
                  | plates. (SH +4) [demonic ancestry]
   175 | D:1      | Reached XP level 2. HP: 22/24 MP: 2/2
   521 | D:1      | Reached skill level 4 in Fighting
   611 | D:1      | Gained mutation: You have a pair of small horns on your
                  | head. [demonic ancestry]
   611 | D:1      | Reached XP level 3. HP: 21/30 MP: 3/3
  1177 | D:2      | Found a faded altar of an unknown god.
  1278 | D:2      | Gained mutation: You are mostly covered in large bone
                  | plates. (SH +6) [demonic ancestry]
  1278 | D:2      | Reached XP level 4. HP: 38/38 MP: 4/4
  1858 | D:3      | Noticed Natasha
  1953 | D:3      | Killed Natasha
  1954 | D:3      | Reached skill level 5 in Fighting
  2033 | D:3      | Noticed Jessica
  2059 | D:3      | Killed Jessica
  2060 | D:3      | Reached XP level 5. HP: 11/44 MP: 5/5
  2370 | D:3      | Noticed Natasha
  2388 | D:3      | Killed Natasha
  2551 | D:3      | Noticed Natasha
  2559 | D:3      | Killed Natasha
  2646 | D:3      | Noticed Sigmund
  2747 | D:4      | Noticed a black bear
  2759 | D:5      | Entered Level 5 of the Dungeon
  2788 | D:4      | Noticed a lemure
  2788 | D:4      | Noticed a lemure
  2788 | D:4      | Noticed Pikel
  2812 | D:3      | Gained mutation: You are somewhat resistant to further
                  | mutation. [potion of mutation]
  2812 | D:3      | Gained mutation: You are agile. (Dex +4, Str/Int -1)
                  | [potion of mutation]
  2813 | D:3      | Slain by Pikel

Illustrated notes

Levels and vault maps discovered:
D:1:      lightli_arrival_chessboard, layout_basic, minmay_hexomino_u4
D:2:      layout_basic, shapermc_ecumenical_altar_pompeii
D:3:      layout_basic, uniq_sigmund, uniq_natasha, uniq_jessica
D:4:      layout_basic, serial_shops, shop, hangedman_decor_push, uniq_pikel,
          uniq_ijyb, uniq_blork_the_orc
D:5:      layout_rooms, lemuel_zombie_altar_yredelemnul

Skill      XL: |  1  2  3  4 |
---------------+-------------+-----
Fighting       | 4 5 |  5.3
Dodging        | 3 |  3.9
Maces & Flails | |  0.7
Stealth        | |  1.7
Unarmed Combat | |  2.6

Action                   |  1- 3 |  4- 6 || total
-------------------------+-------+-------++-------
Melee: Unarmed           |   103 |       ||   103
       Punch             |     2 |     5 ||     7
       Rapier            |    20 |    37 ||    57
       Headbutt          |     6 |    14 ||    20
       Falchion          |       |    26 ||    26
       Club              |       |    36 ||    36
  Use: Potion            |       |     5 ||     5
 Stab: Sleeping          |     5 |       ||     5
Armor: Robe              |    20 |     9 ||    29
Dodge: Dodged            |    64 |    86 ||   150
Block: Other             |    14 |    25 ||    39

Table legend: (Time is in decaauts)
 A = Elapsed time spent in this place.
 B = Non-inter-level travel time spent in this place.
 C = Inter-level travel time spent in this place.
 D = Time resting spent in this place.
 E = Time spent auto-exploring this place.
 F = Levels seen in this place.
 G = Mean time per level.
                   A        B        C        D        E       F      G
               +--------+--------+--------+--------+--------+-----+--------+
         Total |   2847 |   2749 |     98 |    315 |   1814 |   5 |  569.4 |
       Dungeon |   2847 |   2749 |     98 |    315 |   1814 |   5 |  569.4 |
               +--------+--------+--------+--------+--------+-----+--------+

Top non-repeatable levels by time:
     D:3: 1266 daAuts
     D:1: 818 daAuts
     D:2: 661 daAuts
     D:4: 98 daAuts
     D:5: 2 daAuts
